Construct Weapon Support Center
Selects Airborne Battlegroup
Selects Smoke Bombing Run
Selects Paratrooper Squad Paradrop
M3 Armored Personnel Carrier
Paratrooper Squad Paradrop
Paratrooper Squad Paradrop
Selects Anti-tank Gun Team Paradrop
Anti-tank Gun Team Paradrop
M18 Hellcat Tank Destroyer
M4(105) Sherman Bulldozer
Selects Carpet Bombing Run
Anti-tank Gun Team Paradrop
Anti-tank Gun Team Paradrop
M18 Hellcat Tank Destroyer
Paratrooper Squad Paradrop
M4(105) Sherman Bulldozer